[Event "Early-Titled-Tuesday-Blitz-March-19-2024"]
[Site "Chess.com"]
[Date "2024.03.19"]
[Round "11"]
[White "KuzubovYuriy"]
[Black "JonaszBaum"]
[Result "0-1"]
[WhiteElo "2897"]
[BlackElo "2758"]
[TimeControl "180+1"]
[EndTime "10:06:05 PDT"]
[Termination "JonaszBaum won on time"]

1. d4 d5 2. c4 e6 3. Nc3 Bb4 4. a3 Bxc3+ 5. bxc3 Nf6 6. cxd5 exd5 7. e3 c5 8. Bd3 Nc6 9. Ne2 O-O 10. f3 Re8 11. O-O h5 12. Ra2 Bd7 13. Nf4 Rc8 14. Kh1 Na5 15.
Raf2 cxd4 16. cxd4 Nc4 17. e4 dxe4 18. fxe4 Bg4 19.
Qb3 Qxd4 20. h3 Bd7 21. e5 Rxe5 22. Bxc4 Qxc4 23. Qxb7 a5 24. Bb2 Rb5 25. Qa6 Ne4 26.
Rf3 Rxb2 27. Qxa5 Nd2 28. Nxh5 Nxf1 0-1

[Event "Early-Titled-Tuesday-Blitz-March-19-2024"]
[Site "Chess.com"]
[Date "2024.03.19"]
[Round "11"]
[White "Cambek64"]
[Black "arnash_bauyrzhan"]
[Result "1-0"]
[WhiteElo "2505"]
[BlackElo "2364"]
[TimeControl "180+1"]
[EndTime "10:06:07 PDT"]
[Termination "Cambek64 won by resignation"]

1. b3 Nf6 2. Bb2 e6 3. Nf3 Be7 4. e3 O-O 5. c4 b6 6. d4 Bb7 7.
Bd3 d6 8. O-O Nbd7 9. Nbd2 c5 10. Rc1 cxd4 11. exd4 d5 12. Qe2 h6 13. Rfd1 Rc8 14.
Ne5 Nxe5 15. dxe5 Nd7 16. Nf3 Bg5 17. Nxg5 Qxg5 18. g3 Nc5 19. f4 Qe7 20. Ba3 Rfd8 21. cxd5 Bxd5 22. Bb1 Qb7 23. Bxc5 bxc5 24. Qf2 Bf3 25. Rxd8+ Rxd8 26. Qxc5 g6 27. Qc7 Rd1+ 28. Kf2 Qd5 29. Rxd1 Bxd1 30. Qc3 Qh1 31. h4 Qh2+ 32. Ke3 Qxg3+ 33. Kd2 Qg4 34. Qe3 Bf3 35. Bd3 Qg2+ 36. Kc3 Bd5 37. a4 Qa2 38. Bc4 Qa1+ 39. Kb4 Bc6 40.
Kc5 Qb2 41. Kxc6 1-0

[Event "Early-Titled-Tuesday-Blitz-March-19-2024"]
[Site "Chess.com"]
[Date "2024.03.19"]
[Round "11"]
[White "nikitakhoroshev"]
[Black "Horokoskii"]
[Result "1-0"]
[WhiteElo "2642"]
[BlackElo "2175"]
[TimeControl "180+1"]
[EndTime "10:06:07 PDT"]
[Termination "nikitakhoroshev won by resignation"]

1. e4 c5 2. Nf3 d6 3. d4 cxd4 4. Nxd4 Nf6 5. Nc3 Nc6 6. f3 g6 7.
Be3 h5 8. Qd2 Nxd4 9. Bxd4 Bh6 10. Be3 Bxe3 11. Qxe3 Be6 12. Bb5+ Kf8 13. O-O-O Qa5 14.
Ba4 Kg7 15. Bb3 Bxb3 16. cxb3 Rac8 17. Kb1 b5 18. Qd4 Kh7 19. e5 dxe5 20. Qxe5 a6 21. Qxe7 Kg7 22. Qe5 Rhe8 23. Qg5 Qc7 24. Rhe1 Rxe1 25.
Rxe1 b4 26. Ne4 Nxe4 27. fxe4 Qc2+ 28. Ka1 Re8 29. e5 Re6 30. Rc1 Qe2 31. Qh4 Qxe5 32. Qxb4 Qxh2 33. Qc3+ Kh7 34. Rf1 Re7 35. Qf3 Qe5 36.
a4 Qe6 37. Qc3 Rb7 38. Ka2 Re7 39. Rf6 Qd5 40. g3 a5 41. Ra6 Re5 42. Ra7 Kh6 43. Qc1+ Kg7 44. Qc3 Kh6 45. Rc7 Re4 46. Qc1+ Kg7 47. Ka3 Qd6+ 48. Ka2 Qd5 49. Qc3+ Kh6 50. Rc4 Re6 51. Qc1+ Kg7 52. Rc5 Qd7 53. Rxa5 Rc6 54. Qf4 Rf6 55. Qe5 Kh7 56. Qxf6 1-0

[Event "Early-Titled-Tuesday-Blitz-March-19-2024"]
[Site "Chess.com"]
[Date "2024.03.19"]
[Round "11"]
[White "UnTucopalaTimba"]
[Black "Chernov_Alexander_A"]
[Result "0-1"]
[WhiteElo "2000"]
[BlackElo "2266"]
[TimeControl "180+1"]
[EndTime "10:06:07 PDT"]
[Termination "Chernov_Alexander_A won by resignation"]

1. e4 e5 2. Nf3 Nc6 3. Bb5 Bc5 4.
c3 Nf6 5. d4 Bb6 6. O-O O-O 7.
Re1 d6 8. Bg5 Qe7 9. Bxc6 bxc6 10. Qa4 Bd7 11. Nbd2 h6 12. Bxf6 Qxf6 13. Qc4 exd4 14.
cxd4 Rfe8 15. a4 a5 16. b3 Rab8 17. Rac1 Ba7 18. Qa6 Bb6 19. Qc4 Qg6 20. Kf1 Kh8 21. Qc3 Re7 22. e5 Rbe8 23. h3 c5 24. d5 Bf5 25. Nc4 Bd3+ 26. Kg1 Bf5 27. Nh4 Qg5 28. Nxf5 Qxf5 29. e6 fxe6 30. dxe6 Rxe6 31. Rxe6 Qxe6 32. Nxa5 Bxa5 33. Qxa5 Qxb3 34. Qxc7 Qb2 35. Rd1 Qc2 36. Qxd6 Qxa4 37. Qxc5 Qxd1+ 0-1

[Event "Early-Titled-Tuesday-Blitz-March-19-2024"]
[Site "Chess.com"]
[Date "2024.03.19"]
[Round "11"]
[White "gorgeous1083"]
[Black "Viktor_Poddubnyi"]
[Result "0-1"]
[WhiteElo "2070"]
[BlackElo "2281"]
[TimeControl "180+1"]
[EndTime "10:06:08 PDT"]
[Termination "Viktor_Poddubnyi won by resignation"]

1. d4 g6 2. c4 Bg7 3. Nc3 c5 4.
d5 f5 5. e4 Bxc3+ 6. bxc3 fxe4 7. Ne2 Nf6 8. Ng3 d6 9. Bg5 Bf5 10. Nxf5 gxf5 11. Bxf6 exf6 12. Qh5+ Kd7 13. Qxf5+ Kc7 14.
h4 Nd7 15. Be2 Qe7 16. Rh3 Qe5 17. Bg4 Nb6 18. Re3 Nxc4 19. Qxe5 dxe5 20. Rxe4 Nd6 21.
Re2 Rhg8 22. Bh3 Rae8 23. a4 a5 24. Rb1 f5 25. g3 Rgf8 26. Kf1 Ne4 27. Rc2 f4 28.
Kg2 fxg3 29. fxg3 Rg8 30. g4 Nf6 31. g5 Nxd5 32. c4 Ne3+ 0-1

[Event "Early-Titled-Tuesday-Blitz-March-19-2024"]
[Site "Chess.com"]
[Date "2024.03.19"]
[Round "11"]
[White "Matrix3x3a"]
[Black "bubeliang"]
[Result "0-1"]
[WhiteElo "2648"]
[BlackElo "2805"]
[TimeControl "180+1"]
[EndTime "10:06:09 PDT"]
[Termination "bubeliang won by resignation"]

1. d4 d5 2. c4 e6 3. Nf3 Nf6 4.
g3 Bb4+ 5. Bd2 a5 6. Bg2 dxc4 7. Qc2 b5 8. a4 Bxd2+ 9. Nbxd2 c6 10. O-O O-O 11.
b3 cxb3 12. Nxb3 Nd5 13. Ne5 Bb7 14. Nc5 Qe7 15. e4 Nb4 16. Qe2 Rd8 17. Rfd1 N8a6 18. Nxb7 Qxb7 19. axb5 cxb5 20. Rxa5 Rab8 21. Ng4 Qb6 22.
Raa1 Rxd4 23. Rxd4 Qxd4 24. Rd1 Qc4 25. Qd2 h6 26. h4 Nc6 27. Rc1 Qd4 28. Qf4 Rc8 29.
Ne5 Nxe5 30. Rxc8+ Kh7 31. Qc1 b4 32. Qc2 h5 33.
Qc1 b3 34. Qg5 Qd1+ 35. Kh2 Ng4+ 36. Kh3 Nxf2+ 37. Kh2 b2 38. Rd8 b1=Q 39. Rxd1 Qxd1 40. e5 Nc5 41. Qe3 Ng4+ 0-1

[Event "Early-Titled-Tuesday-Blitz-March-19-2024"]
[Site "Chess.com"]
[Date "2024.03.19"]
[Round "11"]
[White "geminithegreat"]
[Black "mertfelin"]
[Result "0-1"]
[WhiteElo "2203"]
[BlackElo "2347"]
[TimeControl "180+1"]
[EndTime "10:06:10 PDT"]
[Termination "mertfelin won on time"]

1. d4 d5 2. c4 e6 3. Nf3 Nf6 4. g3 Be7 5. Bg2 O-O 6. O-O dxc4 7. Qc2 b5 8. a4 b4 9. Qxc4 Ba6 10. Qc2 Nbd7 11.
Rd1 c5 12. dxc5 Bxc5 13. Bg5 Rc8 14. Qb3 Bxe2 15. Re1 Bc4 16. Qd1 Qb6 17. Be3 Rfd8 18.
Nbd2 Bxe3 19. Rxe3 Bd5 20. a5 Qb7 21. Qe1 Nc5 22.
Rc1 Qb5 23. Bf1 Qxa5 24. Ne5 Qb6 25. Ndc4 Qb7 26. Na5 Qa8 27. Qxb4 Nce4 28. Rce1 Rb8 29. Qe7 Rf8 30. Bg2 Rxb2 31. Bxe4 Nxe4 32. Nd7 Re8 33. Qa3 Rb5 0-1

[Event "Early-Titled-Tuesday-Blitz-March-19-2024"]
[Site "Chess.com"]
[Date "2024.03.19"]
[Round "11"]
[White "axvesik"]
[Black "LileKoridze"]
[Result "0-1"]
[WhiteElo "2553"]
[BlackElo "2455"]
[TimeControl "180+1"]
[EndTime "10:06:11 PDT"]
[Termination "LileKoridze won by checkmate"]

1. e4 c5 2. Nf3 d6 3. d4 cxd4 4. Nxd4 Nf6 5. Nc3 a6 6. Be3 b5 7. f3 Bb7 8. Qd2 Nbd7 9. a4 b4 10. Na2 a5 11. Bb5 e6 12. c3 bxc3 13. Nxc3 Be7 14. Nc6 Bxc6 15. Bxc6 Rb8 16. Nb5 O-O 17. O-O Ne5 18. Rac1 Rc8 19. Na7 Rb8 20. f4 Neg4 21.
Nb5 Nxe3 22. Qxe3 d5 23. exd5 Nxd5 24. Bxd5 Qxd5 25. Rfd1 Qh5 26. b3 Rbc8 27. Qe5 Qg4 28. h3 Qg3 29. Rc7 Qxb3 30. Rdd7 Rxc7 31. Rxc7 Bh4 32.
Qe4 Rd8 33. Rc3 Qd1+ 34. Kh2 h6 35. Rc2 Rd3 36. Qa8+ Kh7 37. Qe4+ f5 38. Qxd3 Qxd3 39.
Rc3 Bg3+ 40. Kg1 Qd1# 0-1

[Event "Early-Titled-Tuesday-Blitz-March-19-2024"]
[Site "Chess.com"]
[Date "2024.03.19"]
[Round "11"]
[White "ExchangeAB"]
[Black "MdChess1734"]
[Result "0-1"]
[WhiteElo "2506"]
[BlackElo "2387"]
[TimeControl "180+1"]
[EndTime "10:06:12 PDT"]
[Termination "MdChess1734 won by resignation"]

1. e4 c6 2. Nf3 d5 3. Nc3 Bg4 4. h3 Bxf3 5. Qxf3 e6 6. g3 Nd7 7.
Bg2 Bc5 8. O-O Ne7 9. d3 O-O 10. Qe2 Bd4 11. Bd2 b5 12. Kh2 b4 13. Nd1 a5 14. c3 bxc3 15. bxc3 Ba7 16. d4 dxe4 17. Bxe4 Nf6 18. Bc2 c5 19. dxc5 Bxc5 20. Ne3 Qc7 21.
Ng4 Nxg4+ 22. Qxg4 Rad8 23. Rad1 Ng6 24. h4 Qc6 25. h5 Ne5 26. Qe2 Nf3+ 27. Kh3 Qd5 28. Qe4 Qxh5+ 29. Kg2 Nxd2 30. Rh1 Qxh1+ 31. Rxh1 Nxe4 32. Bxe4 f5 33. Bf3 Rd2 34. Re1 Rb8 35.
Rxe6 Rxf2+ 36. Kh3 Rxf3 0-1

[Event "Early-Titled-Tuesday-Blitz-March-19-2024"]
[Site "Chess.com"]
[Date "2024.03.19"]
[Round "11"]
[White "AlexandraSamaganova"]
[Black "sorch29"]
[Result "1-0"]
[WhiteElo "2326"]
[BlackElo "2477"]
[TimeControl "180+1"]
[EndTime "10:06:12 PDT"]
[Termination "AlexandraSamaganova won by resignation"]

1. c4 e5 2. Nc3 Nc6 3. g3 g6 4.
Bg2 Bg7 5. e3 d6 6. Nge2 f5 7. d4 Nf6 8. Rb1 O-O 9. O-O Ne7 10.
dxe5 dxe5 11. Nd5 e4 12. Nec3 Nexd5 13. cxd5 b6 14. Qb3 Kh8 15. Rd1 Bb7 16. Qc4 Qd7 17.
b3 Rfd8 18. Bb2 Nxd5 19. Nb5 Bxb2 20. Rxb2 c6 21. Nd4 Rac8 22. h4 Qe7 23. h5 Qf6 24.
Rbd2 Rc7 25. b4 Rcd7 26. Bh3 Nxb4 27. Qxb4 c5 28. Qa4 cxd4 29. exd4 Bd5 30. hxg6 hxg6 31.
Bg2 Kg7 32. Rc1 Qg5 33. Rdc2 Bf7 34. Rc7 Qf6 35. Rxd7 Rxd7 36. Qxd7 Qg5 37. Rc7 Qf6 38. Bf1 e3 39. Bc4 exf2+ 40. Kxf2 1-0

[Event "Early-Titled-Tuesday-Blitz-March-19-2024"]
[Site "Chess.com"]
[Date "2024.03.19"]
[Round "11"]
[White "KnightmareJoker"]
[Black "willcab71"]
[Result "1-0"]
[WhiteElo "2304"]
[BlackElo "2131"]
[TimeControl "180+1"]
[EndTime "10:06:16 PDT"]
[Termination "KnightmareJoker won on time"]

1. e4 e6 2. d4 d5 3. Nc3 Bb4 4.
e5 Ne7 5. Nf3 c5 6. a3 Bxc3+ 7.
bxc3 Nbc6 8. Bd3 c4 9. Be2 O-O 10.
h4 f6 11. h5 h6 12. exf6 Rxf6 13. g4 Qa5 14. Bd2 Bd7 15. g5 hxg5 16. Nxg5 Raf8 17. f4 Rxf4 18. Bxf4 Rxf4 19. Qd2 Rf5 20. h6 Qc7 21.
O-O-O Qa5 22. Kb2 Qb6+ 23. Ka2 g6 24. h7+ Kh8 25. Bg4 Nxd4 26. Qxd4+ Qxd4 27. Rxd4 Rxg5 28. Rf1 Kxh7 29. Rf7+ Kh6 30. Rxe7 e5 31. Bxd7 exd4 32. cxd4 Rg2 33. Kb2 Rd2 34. Kc3 Rg2 35. Be6 Rg3+ 36.
Kb4 a5+ 37. Kxa5 Rxa3+ 38. Kb4 Ra2 39. Bxd5 Rxc2 40. Bxc4 b5 41. Kxb5 Rd2 42. d5 g5 43.
Kc5 Kg6 44. d6 Kf6 45. Re1 g4 46. Bd5 Rc2+ 47. Kb4 Rd2 48. Kc4 Rc2+ 49. Kd3 Rc8 50. d7 Rd8 51. Bc6 Kg5 52. Kd4 g3 53. Kd5 Kf6 54. Rg1 Rg8 55. Kd6 1-0

[Event "Early-Titled-Tuesday-Blitz-March-19-2024"]
[Site "Chess.com"]
[Date "2024.03.19"]
[Round "11"]
[White "Happy1712Drummer"]
[Black "rikchessmx"]
[Result "0-1"]
[WhiteElo "2438"]
[BlackElo "2298"]
[TimeControl "180+1"]
[EndTime "10:06:19 PDT"]
[Termination "rikchessmx won on time"]

1. e4 e5 2. Nf3 Nc6 3. Nc3 a6 4. g3 Bc5 5. Bg2 d6 6. O-O Nf6 7. d3 h6 8. h3 Be6 9. Kh2 Qd7 10. a3 Ba7 11. b4 g5 12. Ng1 O-O-O 13. Be3 Nd4 14.
Nd5 Bxd5 15. exd5 Kb8 16. a4 Rdg8 17. b5 a5 18. c3 Nf5 19. Bxa7+ Kxa7 20. Be4 Ne7 21.
Rb1 b6 22. Nf3 Nfxd5 23. Qb3 Nf6 24. Nd2 Nxe4 25. Nxe4 Rg6 26. d4 f5 27. Nd2 f4 28.
Rbd1 g4 29. h4 Qf5 30. dxe5 dxe5 31. Qc4 c5 32. bxc6 Rxc6 33. Qb5 Rc5 34. Qb3 e4 35. Nc4 Nc8 36. Nd6 Nxd6 37. Rxd6 fxg3+ 38. fxg3 Qxf1 39. Qxb6+ Ka8 40. Qa6+ Qxa6 0-1

[Event "Early-Titled-Tuesday-Blitz-March-19-2024"]
[Site "Chess.com"]
[Date "2024.03.19"]
[Round "11"]
[White "madmax011"]
[Black "dosto07"]
[Result "1-0"]
[WhiteElo "2362"]
[BlackElo "2482"]
[TimeControl "180+1"]
[EndTime "10:06:20 PDT"]
[Termination "madmax011 won on time"]

1. d4 d5 2. c4 dxc4 3. e4 Nf6 4. e5 Nd5 5. Bxc4 Nb6 6. Bb3 Nc6 7. Nf3 Bf5 8. O-O e6 9. Nc3 Be7 10. Be3 O-O 11. Qe2 Bg4 12. h3 Bxf3 13. Qxf3 Nxd4 14. Bxd4 Qxd4 15. Qxb7 Qxe5 16. Rfe1 Qf4 17. g3 Qh6 18. Qxc7 Bf6 19. Kg2 Rfc8 20. Qb7 Bxc3 21. bxc3 Rxc3 22. Rad1 Qf6 23. Rd6 Rac8 24. Rdxe6 fxe6 25.
Rxe6 Rxg3+ 26. fxg3 Rc2+ 27. Bxc2 Qxe6 28. Bb3 Nc4 29. Qa8+ Kf7 30. Qxa7+ Kg6 31. Bxc4 Qxc4 32. Qf2 Qe4+ 33. Kh2 1-0

[Event "Early-Titled-Tuesday-Blitz-March-19-2024"]
[Site "Chess.com"]
[Date "2024.03.19"]
[Round "11"]
[White "kikoveiga"]
[Black "Pumpkin_in_moonlight"]
[Result "1-0"]
[WhiteElo "2546"]
[BlackElo "2212"]
[TimeControl "180+1"]
[EndTime "10:06:20 PDT"]
[Termination "kikoveiga won by resignation"]

1. e4 c5 2. Nf3 d6 3. c3 Nc6 4. h3 Nf6 5. Bd3 g6 6. O-O Bg7 7. Re1 O-O 8. Bc2 b6 9. d4 cxd4 10.
cxd4 Bb7 11. Nc3 Rc8 12. Bg5 h6 13. Bh4 g5 14. Bg3 d5 15. e5 Nh5 16. Qd3 Re8 17. Qh7+ Kf8 18. Bh2 e6 19. Ne2 Nb4 20. Bb1 Ke7 21.
Ng3 Rh8 22. Nxh5 Rxh7 23. Bxh7 Bh8 24. a3 Nc6 25. Bd3 Na5 26. Rac1 Nc4 27. Rc2 a5 28.
Rec1 b5 29. Ng3 f6 30. Ne2 fxe5 31. dxe5 d4 32. Nfxd4 Nxe5 33. Rxc8 Bxc8 34. Bxe5 Kf8 35. Bxh8 Bb7 36. Nxe6+ 1-0

[Event "Early-Titled-Tuesday-Blitz-March-19-2024"]
[Site "Chess.com"]
[Date "2024.03.19"]
[Round "11"]
[White "wonderfultime"]
[Black "nekotyanof"]
[Result "1-0"]
[WhiteElo "3055"]
[BlackElo "2687"]
[TimeControl "180+1"]
[EndTime "10:06:21 PDT"]
[Termination "wonderfultime won by resignation"]

1. d4 Nf6 2. Nf3 g6 3. Bg5 Bg7 4. Nbd2 d5 5. c3 Ne4 6. Bf4 Nd6 7. h4 h6 8. e3 Nd7 9. Bd3 Nf6 10.
Ne5 c6 11. Qc2 Bf5 12. Bxf5 gxf5 13. O-O-O Qa5 14. Kb1 O-O-O 15. f3 e6 16. Nb3 Qa4 17. Qf2 Rhf8 18. Nc5 Qa5 19. Qc2 Nc4 20. Qb3 Qb5 21. Qxb5 cxb5 22. b3 Nxe5 23. Bxe5 Rg8 24. Nd3 Nd7 25.
Bf4 h5 26. Rc1 Nb6 27. Rc2 f6 28. Re1 Rde8 29. Bh2 e5 30. Rd1 Bh6 31. dxe5 fxe5 32. Bxe5 Bxe3 33. Bd4 Nd7 34. Re1 Bxd4 35. cxd4+ Kd8 36.
Rec1 Ke7 37. Nf4 Kd6 38. Rc7 Rb8 39. Nxh5 Rh8 40. Ng3 Rbf8 41. Rxb7 Rxh4 42. Rcc7 Nb6 43. Rg7 Rxd4 44. Rg6+ Ke5 45. Re7+ 1-0

[Event "Early-Titled-Tuesday-Blitz-March-19-2024"]
[Site "Chess.com"]
[Date "2024.03.19"]
[Round "11"]
[White "FairChess_on_YouTube"]
[Black "Firouzja2003"]
[Result "1-0"]
[WhiteElo "3147"]
[BlackElo "3100"]
[TimeControl "180+1"]
[EndTime "10:06:24 PDT"]
[Termination "FairChess_on_YouTube won by resignation"]

1. d4 Nf6 2. c4 g6 3. Nc3 Bg7 4. e4 d6 5. h3 Nbd7 6. Bd3 e5 7. d5 Nc5 8. Bc2 a5 9. Be3 h5 10. Qd2 Bd7 11. Nf3 c6 12. O-O cxd5 13. cxd5 Rc8 14. a3 O-O 15. Rfe1 b5 16. b4 Na6 17. Na2 axb4 18.
axb4 Nh7 19. Nc1 Nxb4 20. Bb3 f5 21. Qxb4 f4 22. Bd2 Rf6 23. Nd3 g5 24. Ra7 Be8 25.
Nfxe5 dxe5 26. Nxe5 Rd6 27. Bc3 Rc7 28. Nc6 Bxc6 29.
dxc6+ Kh8 30. Rea1 Rdxc6 31. Bxg7+ Kxg7 32. Qxb5 Rc1+ 33. Rxc1 Rxa7 34. Qf5 Qf6 35. Qc8 Re7 36. Qg8+ Kh6 37.
Bd5 Nf8 38. Rc6 Ne6 39. Rxe6 1-0

[Event "Early-Titled-Tuesday-Blitz-March-19-2024"]
[Site "Chess.com"]
[Date "2024.03.19"]
[Round "11"]
[White "Jahonas"]
[Black "Willhaven3"]
[Result "1-0"]
[WhiteElo "2366"]
[BlackElo "2507"]
[TimeControl "180+1"]
[EndTime "10:06:26 PDT"]
[Termination "Jahonas won by resignation"]

1. d4 d5 2. Nf3 Nc6 3. c3 Bg4 4. Bf4 e6 5. Nbd2 Bd6 6. Bg3 Nge7 7. e4 dxe4 8. Nxe4 Bxg3 9. hxg3 O-O 10. Bd3 h6 11. Qc2 Qd5 12. O-O e5 13. Nxe5 Nxe5 14. dxe5 Qxe5 15. Rfe1 Nc6 16. Nd2 Qh5 17. Nf1 Rad8 18.
Be4 Rd6 19. Qb3 b6 20. Ne3 Be6 21. Qa4 Bd7 22. Bxc6 Bxc6 23. Qxa7 Rd7 24. Qa6 Rfd8 25. Qe2 Qa5 26. Nc4 Qc5 27. a4 Rd3 28. Ne5 Rd2 29.
Qe3 Qxe3 30. Rxe3 Rd1+ 31. Re1 Rxe1+ 32. Rxe1 Bxa4 33. Nf3 Kf8 34. Nd4 c5 35. Nf3 Bb5 36.
Ra1 Rd7 37. g4 Ke7 38. Kh2 Kd8 39. Kg3 Kc7 40. Ra7+ Kc6 41. Ne5+ Kd6 42. Nxd7 Bxd7 43. Kf4 g5+ 44. Kg3 Be6 45. f4 Kd5 46. f5 Bc8 47.
Rxf7 Kc4 48. Rf6 Kb3 49. Rxb6+ Kc2 50. Rc6 Bb7 51. Rxc5 Kxb2 52. f6 1-0

[Event "Early-Titled-Tuesday-Blitz-March-19-2024"]
[Site "Chess.com"]
[Date "2024.03.19"]
[Round "11"]
[White "Tol_Tol"]
[Black "MuhittinBuker"]
[Result "1-0"]
[WhiteElo "2309"]
[BlackElo "2126"]
[TimeControl "180+1"]
[EndTime "10:06:27 PDT"]
[Termination "Tol_Tol won by resignation"]

1. d4 Nf6 2. c4 e6 3. Nc3 Bb4 4. e3 O-O 5. Bd3 b6 6. Nf3 Bb7 7. O-O d6 8. Qd2 Nbd7 9. a3 Bxc3 10. Qxc3 Qe7 11. Nd2 e5 12. d5 e4 13. Bc2 a5 14.
b3 Nc5 15. Bb2 Bc8 16. b4 axb4 17. axb4 Rxa1 18. Rxa1 Nd3 19. Bxd3 exd3 20. Qxd3 Ng4 21. h3 Ne5 22. Qc3 f6 23. Nb3 Bf5 24. Nd4 Bd7 25. Ra7 Rc8 26. f4 Ng6 27. f5 Ne5 28. Ne6 Bxe6 29.
fxe6 Qe8 30. Qc2 Qh5 31. Bxe5 Qxe5 32. Qd3 f5 33. b5 f4 34. Qd4 Qxd4 35. exd4 Kf8 36. h4 Ke7 37. Kf2 Kf6 38. Kf3 Kf5 39. e7 Kf6 40. Rxc7 Re8 41. Kxf4 Rxe7 42. Rxe7 Kxe7 43.
Kf5 Kf7 44. h5 Ke7 45. g4 Kf7 46. g5 Ke7 47. c5 dxc5 48. dxc5 bxc5 49. b6 Kd7 50. Ke5 Kc8 51. d6 Kd7 52. b7 1-0

[Event "Early-Titled-Tuesday-Blitz-March-19-2024"]
[Site "Chess.com"]
[Date "2024.03.19"]
[Round "11"]
[White "esrosenberg"]
[Black "Szachulec75"]
[Result "1-0"]
[WhiteElo "2464"]
[BlackElo "2238"]
[TimeControl "180+1"]
[EndTime "10:06:29 PDT"]
[Termination "esrosenberg won on time"]

1. d4 Nf6 2. Nf3 d6 3. Nc3 c6 4. e4 Bg4 5. Be2 Nbd7 6. O-O e5 7. Be3 Be7 8. h3 Bh5 9. a4 a5 10. Re1 O-O 11. d5 Qc7 12. Nd2 Bxe2 13. Qxe2 Nb6 14.
Nc4 Nfd7 15. Nxb6 Nxb6 16. Rad1 Rfd8 17. b3 c5 18. Qg4 Qc8 19. Qg3 Nd7 20. f4 Bf6 21.
Nb5 Nf8 22. fxe5 Bxe5 23. Bf4 Ng6 24. Bxe5 Nxe5 25. c4 Qd7 26. Rf1 Rf8 27. Rf5 Rae8 28. Rdf1 Kh8 29. h4 Qe7 30. h5 Rd8 31. h6 g6 32. Rf6 Rd7 33. Qg5 Re8 34. Qg3 Qf8 35. R1f2 Qxh6 36. Nxd6 Qc1+ 37. Rf1 1-0

[Event "Early-Titled-Tuesday-Blitz-March-19-2024"]
[Site "Chess.com"]
[Date "2024.03.19"]
[Round "11"]
[White "Jospem"]
[Black "moro182"]
[Result "0-1"]
[WhiteElo "3057"]
[BlackElo "2903"]
[TimeControl "180+1"]
[EndTime "10:06:30 PDT"]
[Termination "moro182 won by resignation"]

1. e4 g6 2. d4 Bg7 3. c3 d6 4. Bd3 Nf6 5. Nf3 O-O 6. O-O Nc6 7. h3 e5 8. Re1 h6 9. Nbd2 Nh5 10. Nb3 Qf6 11. Be3 Nf4 12. Bf1 g5 13. Nbd2 g4 14.
hxg4 Bxg4 15. g3 Nh3+ 16. Kh2 Ng5 17. Be2 exd4 18. Nxd4 Bxe2 19. Qxe2 Nxd4 20. Bxd4 Qe6 21. Qh5 Qg6 22. Qxg6 fxg6 23. f4 Ne6 24. Bxg7 Kxg7 25. Re3 Rae8 26. Rae1 Nc5 27. Nf3 Re7 28. e5 Rfe8 29.
g4 dxe5 30. fxe5 Rd8 31. e6 Rd3 32. Nd4 Rxe3 33. Rxe3 Kf6 34. Rf3+ Kg7 35. Re3 Kf6 36. Rf3+ Kg7 37. Kg3 Nxe6 38. Re3 Kf7 39. Rf3+ Kg7 40. Re3 Kf7 41. Nb3 Ng5 42. Rd3 b6 43. Nd4 c5 44.
Nb5 Re2 45. Rd7+ Ke6 46. Rd6+ Ke5 47. Rxg6 Ne4+ 48. Kf3 Rxb2 49. Rxh6 Ng5+ 50. Ke3 Rxb5 51. Rh5 Kf6 52. a4 Ra5 53. Kf4 Rxa4+ 0-1

[Event "Early-Titled-Tuesday-Blitz-March-19-2024"]
[Site "Chess.com"]
[Date "2024.03.19"]
[Round "11"]
[White "BestestBP"]
[Black "IsaqueGoncalvesSanto"]
[Result "1-0"]
[WhiteElo "2225"]
[BlackElo "1880"]
[TimeControl "180+1"]
[EndTime "10:06:31 PDT"]
[Termination "BestestBP won on time"]

1. e4 e6 2. e5 d5 3. exd6 Bxd6 4. d4 Nf6 5. Nf3 O-O 6. Bg5 Nbd7 7. Bd3 c6 8. O-O Qb6 9. b3 h6 10. Bh4 c5 11.
Na3 Qa5 12. Nc4 Qc7 13. Nxd6 Qxd6 14. Bg3 Qe7 15. c4 cxd4 16. Nxd4 Nc5 17. Bc2 Rd8 18. Be5 Ncd7 19. Bc7 Re8 20. Nb5 a6 21. Nd6 Rf8 22.
Re1 Ne8 23. Nxc8 Rxc8 24. Bg3 Ndf6 25. Qf3 b5 26. Bd3 bxc4 27. Bxc4 Qa7 28. Rad1 a5 29. Be5 a4 30. Bd4 Qa8 31. Qxa8 Rxa8 32. Bc5 axb3 33. axb3 Nc7 34. Bxf8 Kxf8 35. Ra1 Rb8 36. Ra7 Ncd5 37. h3 g5 38. Rea1 Kg7 39. Ra8 Rb7 40. R1a7 Rxa7 41. Rxa7 1-0

[Event "Early-Titled-Tuesday-Blitz-March-19-2024"]
[Site "Chess.com"]
[Date "2024.03.19"]
[Round "11"]
[White "ChristianArca"]
[Black "Chess_Gainz"]
[Result "0-1"]
[WhiteElo "2668"]
[BlackElo "2562"]
[TimeControl "180+1"]
[EndTime "10:06:32 PDT"]
[Termination "Chess_Gainz won by checkmate"]

1. Nf3 d6 2. d4 Nf6 3. c4 g6 4. Nc3 Bg7 5. h4 O-O 6. e4 c5 7. d5 e6 8. h5 exd5 9. cxd5 Re8 10. Bd3 Nxh5 11. Be3 Nf6 12. Qd2 Na6 13. a3 Ng4 14. Bg5 Qa5 15. Rc1 f5 16. Kf1 Bxc3 17. Qf4 Bg7 18.
exf5 Bxf5 19. Bxf5 gxf5 20. Qxf5 h6 21. Bf4 Qc7 22. Qxg4 Qf7 23. Bxh6 Re7 24. Bg5 Qg6 25. Nh4 Re4 26. Qf3 Qh7 27. g3 Rf8 28. Bf4 Nc7 29.
Kg1 Re7 30. Ng2 Qf5 31. Rh5 Qf7 32. Qg4 Nxd5 33. Bxd6 Nf6 34. Qg5 Qxh5 35. Bxe7 Qxg5 36. Bxf8 Qxc1+ 37. Kh2 Qh6+ 38. Kg1 Qc1+ 39. Kh2 Ng4+ 40. Kh3 Nxf2+ 41. Kh4 Qh6# 0-1

[Event "Early-Titled-Tuesday-Blitz-March-19-2024"]
[Site "Chess.com"]
[Date "2024.03.19"]
[Round "11"]
[White "NovozhilovSemen"]
[Black "Byniolus"]
[Result "0-1"]
[WhiteElo "2638"]
[BlackElo "2790"]
[TimeControl "180+1"]
[EndTime "10:06:33 PDT"]
[Termination "Byniolus won by resignation"]

1. d4 d6 2. e4 Nf6 3. Nc3 c6 4. Nf3 Bg4 5. Be2 e6 6. O-O Be7 7. Bf4 d5 8. exd5 exd5 9. Ne5 Bxe2 10. Qxe2 O-O 11. Rae1 Re8 12. Qf3 Nbd7 13. Nd3 Nf8 14.
Ne2 Ne6 15. Be3 Bd6 16. Ng3 g6 17. c3 Kg7 18. h4 h5 19. Ne5 Bxe5 20. dxe5 Ng4 21.
Rd1 Qxh4 22. Rfe1 Nxe5 23. Qe2 Ng4 24. Qd2 Nxe3 25. Rxe3 Nc7 26. Rf3 Ne6 27. b3 Re7 28. Re1 Rae8 29. Rfe3 Qf6 30. c4 dxc4 31. bxc4 Nc5 32.
Rxe7 Rxe7 33. Rb1 h4 34. Nf1 Ne4 35. Qc2 h3 36. Ne3 hxg2 37. Re1 Ng5 38. Kxg2 Qf3+ 39. Kf1 Qh1+ 40. Ke2 Qh5+ 41. Kf1 Rd7 42. Qc3+ Kh7 43.
Rc1 Ne4 44. Qc2 Nd2+ 45. Ke1 Nf3+ 46. Kf1 Qh1+ 47. Ke2 Nd4+ 0-1

[Event "Early-Titled-Tuesday-Blitz-March-19-2024"]
[Site "Chess.com"]
[Date "2024.03.19"]
[Round "11"]
[White "Felix-Rose"]
[Black "KetiTsatsalashvili"]
[Result "1-0"]
[WhiteElo "2290"]
[BlackElo "2464"]
[TimeControl "180+1"]
[EndTime "10:06:33 PDT"]
[Termination "Felix-Rose won by checkmate"]

1. e4 c5 2. Nf3 d6 3. d4 cxd4 4.
Nxd4 Nf6 5. Nc3 Nc6 6. Bg5 e6 7. Qd2 a6 8. O-O-O Be7 9. Kb1 Qc7 10. h4 b5 11. Nxc6 Qxc6 12. f3 Bb7 13. Ne2 d5 14.
e5 Ng8 15. Be3 Bc5 16. Nd4 Bxd4 17. Bxd4 Ne7 18. h5 Nf5 19. g4 Ng3 20. Rg1 Nxf1 21. Rdxf1 O-O-O 22. f4 g6 23. h6 Qd7 24. f5 gxf5 25. gxf5 Rhg8 26. Rg7 exf5 27. Qg5 Rge8 28.
Rxf5 Rf8 29. Rxh7 Qc6 30. Rhxf7 Rxf7 31. Rxf7 Qc4 32. Qf5+ Kb8 33. c3 Qe2 34. a3 Bc8 35.
Qf6 Qd3+ 36. Kc1 Bb7 37. Qxd8+ Bc8 38. Qc7+ Ka8 39. Qxc8# 1-0

[Event "Early-Titled-Tuesday-Blitz-March-19-2024"]
[Site "Chess.com"]
[Date "2024.03.19"]
[Round "11"]
[White "TigrVShlyape"]
[Black "Anton_Demchenko"]
[Result "1-0"]
[WhiteElo "2934"]
[BlackElo "3014"]
[TimeControl "180+1"]
[EndTime "10:06:34 PDT"]
[Termination "TigrVShlyape won on time"]

1. d4 Nf6 2. Bf4 g6 3. c3 Bg7 4. Nf3 d6 5. h3 O-O 6. Nbd2 Nbd7 7. e4 e5 8. dxe5 dxe5 9. Bg5 h6 10. Bh4 b6 11. Bb5 Bb7 12. O-O g5 13. Bg3 Qe7 14. Re1 a6 15. Bf1 Nh5 16. Bh2 Nf4 17. Nc4 Rad8 18.
Qc2 Nc5 19. Bxf4 exf4 20. e5 Bxf3 21. gxf3 b5 22. Na5 Qe6 23. Nb3 Nd7 24. Nd4 Qd5 25. e6 fxe6 26. Nxe6 Ne5 27. Rxe5 Qxe5 28. Nxd8 Rxd8 29. a4 c6 30. axb5 axb5 31. Kg2 Qd5 32. Re1 Qf7 33. Bd3 Rd6 34. Bf5 Qf6 35. Re8+ Kf7 36. Rc8 Rd5 37. Be4 Rd6 38. Rc7+ Kf8 39. Qb3 Qe6 40. Qb4 Be5 41. Qc5 Kg8 42. Rxc6 Rxc6 43.
Bxc6 1-0